 Dungeon Crawl Stone Soup version 0.29.0-11-gd7f09526c8 (webtiles) character file.

Game seed: 17046403296318662754

330 benadryl the Trooper (level 6, -9/39 HPs)
             Began as a Gargoyle Fighter on Sept 5, 2022.
             Killed by divine providence
             ... invoked by an orc priest
              (10 damage)
             ... on level 4 of the Dungeon.
             The game lasted 00:03:35 (4236 turns).

benadryl the Trooper (Gargoyle Fighter)             Turns: 4236, Time: 00:03:36

Health: -9/39      AC: 12    Str: 27    XL:     6   Next: 51%
Magic:  6/6        EV:  9    Int:  9    God:
Gold:   196        SH:  4    Dex:  9    Spells: 5/5 levels left

rFire   . . .      SeeInvis .   i - +0 short sword (drain)
rCold   . . .      Faith    .   c - +0 buckler
rNeg    + . .      Spirit   .   b - +0 scale mail
rPois   ∞          Reflect  .   (no helmet)
rElec   +          Harm     .   f - +0 cloak
rCorr   .          Rampage  .   (no gloves)
Will    .....                   (no boots)
Stlth   +.........              (no amulet)
HPRegen 0.13/turn               e - +6 ring of strength
MPRegen 0.10/turn               (no ring)

@: no status effects
A: sickness immunity, AC +4, negative energy resistance 1, electricity
resistance, torment resistance 1, petrification resistance
a: no special abilities


You were on level 4 of the Dungeon.
You visited 1 branch of the dungeon, and saw 4 of its levels.

You collected 196 gold pieces.

Inventory:

Hand Weapons
 a - a +0 long sword
 i - a +0 short sword of draining (weapon)
Missiles
 d - 6 silver javelins (quivered)
Armour
 b - a +0 scale mail (worn)
 c - a +0 buckler (worn)
 f - a +0 cloak (worn)
Jewellery
 e - a +6 ring of strength (left hand)
Wands
 r - a wand of flame (20)
Scrolls
 h - a scroll of vulnerability
 l - 3 scrolls of identify {unknown}
 m - 2 scrolls of teleportation {unknown}
Potions
 g - 2 potions of mutation {unknown}
 o - 2 potions of curing {@q1}


   Skills:
 + Level 4.7 Fighting
 * Level 4.5 Long Blades
 - Level 3.2 Armour
 - Level 3.4 Stealth
 + Level 3.2 Shields


You had 5 spell levels left.
You didn't know any spells.
Your spell library contained the following spells:

 Spells                   Type           Power      Damage    Failure   Level
 Necrotise                Necr           0%         1d4       75%         1
 Blink                    Tloc           0%         N/A       87%         2
 Call Canine Familiar     Summ           0%         N/A       98%         3
 Portal Projectile        Hex/Tloc       0%         N/A       98%         3
 Stone Arrow              Conj/Erth      0%         3d7       98%         3
 Vampiric Draining        Necr           0%         2d6       98%         3
 Animate Armour           Summ/Erth      0%         N/A       100%        4
 Leda's Liquefaction      Hex/Erth       0%         N/A       100%        4
 Agony                    Necr           0%         N/A       100%        5
 Manifold Assault         Tloc           0%         N/A       100%        5
 Storm Form               Tmut/Air       0%         N/A       100%        7
 Lehudib's Crystal Spear  Conj/Erth      0%         10d2      100%        8


Dungeon Overview and Level Annotations

Branches:
Dungeon (4/15)
 Temple: D:4-7

Altars:
Elyvilon
Trog
Zin

Shops:
D:3 [


Innate Abilities, Weirdness & Mutations

You are immune to sickness and miasma.
Your stone body is resilient. (AC +4)
You are immune to poison.
You resist negative energy. (rN+)
You are resistant to electric shocks. (rElec)
You are resistant to unholy torment.
You are immune to petrification.


Message History

You are too injured to fight recklessly!
You are too injured to fight recklessly!
You are too injured to fight recklessly!
You are too injured to fight recklessly!
You are too injured to fight recklessly!
You are too injured to fight recklessly!
Unknown command.
You barely miss the orc priest.
You hear a shout!
The bullfrog completely misses you.
The bullfrog hits you but does no damage.
You hit the orc priest.
The orc priest is moderately wounded.
The orc priest hits you but does no damage.
The bullfrog hits you but does no damage.
The bullfrog hits you but does no damage.
You completely miss the bullfrog.
The bullfrog is heavily wounded.
The bullfrog hits you but does no damage.
You closely miss the bullfrog.
The bullfrog is heavily wounded.
The bullfrog hits you but does no damage.
An orc priest comes into view. It is wielding a +0 flail.
The bullfrog barely misses you.
You hit the bullfrog but do no damage. You drain the bullfrog.
The bullfrog is severely wounded.
The bullfrog barely misses you.
The orc priest invokes the aid of Beogh against you.
Beogh smites you! You block the bullfrog's attack.
The orc priest invokes the aid of Beogh against you.
Beogh smites you!
* * * LOW HITPOINT WARNING * * *
The bullfrog attacks as you move away! The bullfrog closely misses you.
The bullfrog hits you but does no damage.
As you read the scroll labelled BUISUMUEGG, it crumbles to dust.
It is a scroll of amnesia.
You feel forgetful for a moment. The bullfrog barely misses you.
The orc priest mumbles some strange prayers to Beogh against you.
Beogh smites you!
You die...

#.#.......
#.)..###
##...<.##
##.....###
#...#....#
#...#....#
#...# ...#
#...# .###
#..@# .##
#..F##..#####
#...o....$o.#
#.#.#####.#.#
#.#.. #.###
#.


You could see a bullfrog (very drained) and an orc priest.

Vanquished Creatures
  Grinder (D:3)
  4 gnolls
  5 adders
  2 worms (D:2)
  2 dart slugs
  3 ball pythons
  6 endoplasms
  5 goblins
  4 hobgoblins
  7 jackals (D:2)
  3 quokkas
  6 bats
  2 frilled lizards (D:2)
  7 kobolds
  6 rats
63 creatures vanquished.

Notes
Turn   | Place    | Note
-------+----------+-------------------------------------------
     0 | D:1      | benadryl the Gargoyle Fighter began the quest for the Orb.
     0 | D:1      | Reached XP level 1. HP: 14/14 MP: 1/1
   529 | D:1      | Reached XP level 2. HP: 15/19 MP: 2/2
   841 | D:1      | Reached skill level 1 in Stealth
   895 | D:1      | Reached XP level 3. HP: 7/24 MP: 3/3
  1318 | D:1      | Found a faded altar of an unknown god.
  1400 | D:1      | You fall into a shaft and drop 1 floor!
  1652 | D:2      | Reached XP level 4. HP: 29/29 MP: 4/4
  2961 | D:3      | Reached XP level 5. HP: 33/33 MP: 5/5
  3153 | D:3      | Found a glowing silver altar of Zin.
  3153 | D:3      | Found a white marble altar of Elyvilon.
  3249 | D:3      | Found a bloodstained altar of Trog.
  3770 | D:3      | Found Ontecvu's Armour Emporium.
  3781 | D:3      | Noticed Grinder
  3786 | D:3      | Paralysed by Grinder for 2 turns
  3826 | D:3      | Paralysed by Grinder for 5 turns
  3839 | D:3      | Killed Grinder
  3840 | D:3      | Reached XP level 6. HP: 13/39 MP: 6/6
  4234 | D:4      | HP: 1/39 [orc priest/divine providence (13)]
  4236 | D:4      | Killed from afar by an orc priest

Illustrated notes

Levels and vault maps discovered:
D:1:      dpeg_arrival_chambers_temple_mockup, layout_basic,
          ebering_ecumenical_altar_rust
D:2:      kennysheep_six_static_rooms, layout_basic
D:3:      layout_loops_ring, mainiacjoe_overflow_surrounded_room,
          gammafunk_temple_overflow_elements, serial_shops,
          nicolae_shop_behind_doors, serial_bayou, serial_bayou_lake_a,
          serial_bayou_pond_e, serial_bayou_pond_d, serial_bayou_shore_a,
          uniq_grinder
D:4:      layout_basic, kennysheep_pointless_box

Skill      XL: |  1  2  3  4  5 |
---------------+----------------+-----
Long Blades    | 2 3 4 |  4.5
Stealth        | 1 2 3 |  3.4
Fighting       | 4 |  4.7
Armour         | |  3.2
Shields        | |  3.2

Action                   |  1- 3 |  4- 6 || total
-------------------------+-------+-------++-------
Melee: Long sword        |    66 |       ||    66
       Short sword       |    39 |   227 ||   266
  Use: Potion            |       |     7 ||     7
       Scroll            |       |     4 ||     4
 Stab: Invisible         |       |     2 ||     2
Armor: Scale mail        |    45 |   153 ||   198
Dodge: Dodged            |    51 |   124 ||   175
Block: Buckler           |    25 |    41 ||    66
